cohdb
Replays
Latest Replays
All Replays
Popular Replays
Top Player Replays
Match Explorer
How It Works
Community
CoH3 Stats
Reddit
Sign in to upload your games and track your stats! →
Sign in with Steam
Match 46099526
Unlisted
Match 46099526
Overview
Messages
Build Orders
End
Kettenkrad Recon Vehicle
Selects Luftwaffe Battlegroup
Selects Luftwaffe Pioneer Support
Fallschirmpioneer Squad Paradrop
Construct Infanterie Kompanie
Fallschirmpioneer Squad Paradrop
GrW 34 Mortar Team
Medical Station
Construct Luftwaffe Kompanie
Jäger Squad
Selects Flak 38 Anti-Air Emplacement
Jäger Squad
MG 42 Machine Gun Team
Fallschirmpioneer Squad Paradrop
Construct Panzer Kompanie
Panzer IV Medium Tank
Selects Infantry Reserves
party_rocker69
Kray-Tos
God of War....and Diplomacy
CoVeS84
0
0
Comments
sign in to comment!
No comments posted yet!